 Dungeon Crawl Stone Soup version 0.28.0-43-g3370ac3207 (webtiles) character file.

Game seed: 1720254046332636743

99 issech the Cudgeller (level 4, 0/45 HPs)
             Began as a Troll Monk on Mar 29, 2022.
             Killed by nerve-wracking pain
             ... invoked by a shadow imp
             ... summoned by Natasha
              (6 damage)
             ... on level 2 of the Dungeon.
             The game lasted 00:04:36 (1319 turns).

issech the Cudgeller (Troll Monk)                   Turns: 1319, Time: 00:04:37

Health: 0/45       AC:  4    Str: 19    XL:     4   Next: 45%
Magic:  3/3        EV: 10    Int:  6    God:
Gold:   43         SH:  0    Dex: 14    Spells: 3/3 levels left

rFire   + + .      SeeInvis .   m - +0 flail
rCold   x . .      Faith    .   (no shield)
rNeg    . . .      Spirit   .   b - +0 robe
rPois   .          Reflect  .   (helmet restricted)
rElec   .          Harm     .   (no cloak)
rCorr   .          Rampage  .   (gloves unavailable)
Will    .....                   (boots unavailable)
Stlth   ++........              (no amulet)
HPRegen 0.95/turn               f - ring of fire
MPRegen 0.08/turn               n - ring of protection from fire

@: no status effects
A: large, unfitting armour, claws 3, regeneration 1, shaggy fur 1, tough skin 1
a: no special abilities


You were on level 2 of the Dungeon.
You visited 1 branch of the dungeon, and saw 2 of its levels.

You collected 43 gold pieces.

Inventory:

Hand Weapons
 a - a +0 mace
 h - a +0 short sword
 m - a +0 flail (weapon)
Missiles
 c - 63 stones (quivered)
 e - 40 arrows
 k - 12 bolts
 p - 16 sling bullets
Armour
 b - a +0 robe (worn)
Jewellery
 f - a ring of fire (left claw)
 n - a ring of protection from fire (right claw)
 q - a +6 ring of strength
Scrolls
 g - a scroll of amnesia {unknown}
 i - a scroll of summoning {unknown}
 o - a scroll of fear {unknown}
Potions
 d - a potion of cancellation {unknown}
 j - a potion of lignification {unknown}
 l - a potion of mutation {unknown}


   Skills:
 + Level 3.1 Fighting
 + Level 3.8 Maces & Flails
 + Level 2.9 Dodging
 + Level 1.1 Stealth


You had 3 spell levels left.
You didn't know any spells.
Your spell library was empty.

Dungeon Overview and Level Annotations

Branches:
Dungeon (2/15)

Altars:

Annotations:
D:2 Natasha


Innate Abilities, Weirdness & Mutations

You are too large for most types of armour.
You have claws for hands.
Your natural rate of healing is unusually fast.
You are covered in fur. (AC +1)
You have tough skin. (AC +1)


Message History

Natasha barely misses you.
You barely miss Natasha.
Natasha stares at you and mumbles some strange words.
You resist with some effort. Natasha claws you!
You hit Natasha but do no damage. Natasha claws you.
You closely miss Natasha. Natasha casts a spell at you.
You resist with some effort.
You barely miss Natasha. Natasha claws you but does no damage.
You hit Natasha.
Natasha is lightly wounded.
Natasha stares at you and mumbles some strange words.
The magic dart hits you!
You closely miss Natasha.
Natasha is lightly wounded.
Natasha claws you. x2
You closely miss Natasha. You claw Natasha.
Natasha is moderately wounded.
Natasha claws you.
You barely miss Natasha.
Natasha is moderately wounded.
Natasha mumbles some strange words.
You miss Natasha.
Natasha is lightly wounded.
Natasha claws you!
* * * LOW HITPOINT WARNING * * *
The shadow imp hits you.
* * * LOW HITPOINT WARNING * * *
You hit Natasha.
Natasha is heavily wounded.
Natasha stares at you and mumbles some strange words.
The magic dart hits you.
* * * LOW HITPOINT WARNING * * *
The shadow imp closely misses you. Natasha claws you.
* * * LOW HITPOINT WARNING * * *
You barely miss Natasha.
Natasha is heavily wounded.
The shadow imp gestures at you. Pain shoots through your body!
You die...

#.# ###.###
##.....#. #.#
#.#.#.# ##.##.#. #.#
###P#.#.### #.##.#.
#†# #PPP#.#...#
#.##... #.#
#.###.###.####.....†
#.#
#.#.....#P.P#...###.
#.#
#P#.###.#####....###
#.#
#.#h#.#..........###
###
#P#@###.########....
#.#5....#.P.# #.###
#P#######.### #...#
#P........# #.#..
########### #.###
#.## #..# #..## ##
##....


You could see Natasha and a shadow imp (summoned).

Vanquished Creatures
  Natasha (twice) (D:2)
  A worm (D:2)
  A dart slug (D:1)
  7 endoplasms
  A giant cockroach (D:1)
  4 goblins (D:1)
  3 hobgoblins (D:2)
  2 quokkas (D:1)
  6 ball pythons (D:1)
  3 bats (D:1)
  5 frilled lizards
  6 kobolds (D:1)
  4 rats (D:1)
45 creatures vanquished.

Notes
Turn   | Place    | Note
-------+----------+-------------------------------------------
     0 | D:1      | issech the Troll Monk began the quest for the Orb.
     0 | D:1      | Reached XP level 1. HP: 22/22 MP: 0/0
   112 | D:1      | Reached XP level 2. HP: 29/29 MP: 1/1
   379 | D:1      | Reached XP level 3. HP: 36/36 MP: 2/2
  1030 | D:2      | Found a faded altar of an unknown god.
  1038 | D:2      | Noticed Natasha
  1051 | D:2      | Killed Natasha
  1052 | D:2      | Reached XP level 4. HP: 43/45 MP: 3/3
  1115 | D:2      | Noticed Natasha
  1128 | D:2      | Killed Natasha
  1296 | D:2      | Noticed Natasha
  1319 | D:2      | Killed from afar by a shadow imp

Illustrated notes

Levels and vault maps discovered:
D:1:      dpeg_arrival_water_temple_mockup, layout_loops_ring,
          minmay_hexomino_u4
D:2:      layout_rooms, serial_aquarium, aquarium_bridge_island_small
          [aquarium_subvault_small_water, aquarium_subvault_wall,
          aquarium_subvault_wall, aquarium_subvault_bridge,
          aquarium_subvault_bridge], aquarium_window_fake, aquarium_window_3,
          aquarium_window_corner, aquarium_window_1, aquarium_view_2b,
          aquarium_balcony_5b, hellmonk_ecumenical_altar_arch_garden,
          uniq_natasha

Skill      XL: |  1  2  3 |
---------------+----------+-----
Maces & Flails | 3 |  3.8
Fighting       | 3 |  3.1
Dodging        | |  2.9
Stealth        | |  1.1

Action                   |  1- 3 |  4- 6 || total
-------------------------+-------+-------++-------
Melee: Mace              |   107 |       ||   107
       Punch             |     1 |     1 ||     2
       Flail             |     2 |    29 ||    31
 Stab: Sleeping          |     3 |       ||     3
Armor: Robe              |    49 |     8 ||    57
Dodge: Dodged            |    80 |    10 ||    90
